 Dungeon Crawl Stone Soup version 0.29.1-13-g9f3cf754e1 (webtiles) character file.

Game seed: 10934947626963752717

103 promet the Magician (level 4, 0/24 HPs)
             Began as a Deep Elf Hedge Wizard on Feb 6, 2023.
             Slain by Robin
             ... wielding a +0 spear
              (3 damage)
             ... on level 2 of the Dungeon.
             The game lasted 00:13:42 (2999 turns).

promet the Magician (Deep Elf Hedge Wizard)         Turns: 2999, Time: 00:13:43

Health: 0/24       AC:  2    Str:  7    XL:     4   Next: 51%
Magic:  13/13      EV: 12    Int: 21    God:
Gold:   69         SH:  0    Dex: 14    Spells: 9/14 levels left

rFire   . . .      SeeInvis .   a - +0 spear
rCold   + . .      Faith    .   (no shield)
rNeg    . . .      Spirit   .   b - +0 robe
rPois   .          Reflect  .   c - +0 hat
rElec   .          Harm     .   (no cloak)
rCorr   .          Rampage  .   (no gloves)
Will    .....                   (no boots)
Stlth   ++........              h - amulet of magic regeneration
HPRegen 0.08/turn               f - ring of protection from cold
MPRegen 0.53/turn               (no ring)

@: no status effects
A: no striking features
a: no special abilities


You were on level 2 of the Dungeon.
You visited 1 branch of the dungeon, and saw 2 of its levels.

You collected 69 gold pieces.

Inventory:

Hand Weapons
 a - a +0 spear (weapon)
 g - a +0 dagger
 j - a +0 rapier
 o - a +0 long sword
 t - a +3 dagger
Missiles
 i - 7 stones
 q - 4 poisoned darts
Armour
 b - a +0 robe (worn)
 c - a +0 hat (worn)
Jewellery
 f - a ring of protection from cold (left hand)
 h - an amulet of magic regeneration (around neck)
Scrolls
 r - 2 scrolls of poison
 s - a scroll of identify
Potions
 d - a potion of magic
 e - 2 potions of might
 k - 3 potions of curing {unknown}
 l - a potion of heal wounds {unknown}
 m - a potion of haste {unknown}
 n - a potion of invisibility {unknown}
 p - a potion of mutation {unknown}


   Skills:
 * Level 0.9 Fighting
 + Level 0.7 Short Blades
 * Level 1.3 Polearms
 + Level 2.8 Dodging
 + Level 2.6 Stealth
 + Level 5.6 Spellcasting
 + Level 1.6 Conjurations
 + Level 1.2 Summonings
 + Level 1.1 Translocations


You had 9 spell levels left.
You knew the following spells:

 Your Spells              Type           Power      Damage    Failure   Level
a - Magic Dart            Conj           48%        1d5       5%          1
b - Blink                 Tloc           20%        N/A       10%         2
c - Call Imp              Summ           11%        N/A       10%         2

Your spell library contained the following spells:

 Spells                   Type           Power      Damage    Failure   Level
 Slow                     Hex            20%        N/A       11%         1
 Gell's Gravitas          Tloc           10%        N/A       19%         3
 Teleport Other           Tloc           10%        N/A       19%         3
 Conjure Flame            Conj/Fire      9%         6-21      22%         3
 Mephitic Cloud           Conj/Pois/Air  8%         N/A       24%         3
 Dispersal                Tloc           5%         N/A       100%        6


Dungeon Overview and Level Annotations

Branches:
Dungeon (2/15)

Altars:

Annotations:
D:2 Robin


Message History

Robin is severely wounded.
The goblin shoots a sling bullet.
The sling bullet barely misses your crimson imp.
The sling bullet closely misses you.
Your crimson imp hits Robin but does no damage.
Robin closely misses your crimson imp.
Casting: Magic Dart (safe; 5% risk of failure)
Confirm with . or Enter, or press ? or * to list all spells.
Aiming: Magic Dart (safe; 5% risk of failure)
Press: ? - help, Shift-Dir - straight line, f/p - Robin
Aim: Robin, wielding a +0 spear, wearing a +0 animal skin and wearing a +0 helmet (severely wounded, not watching you, ally target, 100% to hit)
The magic dart hits Robin.
Robin is almost dead.
The goblin shoots a sling bullet.
The sling bullet closely misses your crimson imp.
The sling bullet hits you.
Your crimson imp blinks!
Robin laughs in a distinctly smug fashion.
Robin barely misses you.
Casting: Magic Dart (safe; 5% risk of failure)
Confirm with . or Enter, or press ? or * to list all spells.
Aiming: Magic Dart (safe; 5% risk of failure)
Press: ? - help, Shift-Dir - straight line, f/p - Robin
Aim: Robin, wielding a +0 spear, wearing a +0 animal skin and wearing a +0 helmet (almost dead, ally target, 100% to hit)
The magic dart hits Robin.
Robin is almost dead.
The goblin shoots a sling bullet.
The sling bullet barely misses you. Robin closely misses you.
The goblin shoots a sling bullet.
The sling bullet barely misses you. Robin misses you.
Robin attacks as you move away! Robin hits you with a +0 spear.
* * * LOW HITPOINT WARNING * * *
Your crimson imp disappears in a puff of smoke!
The goblin unwields a +0 sling.
The goblin wields a +0 club.
The goblin hits you but does no damage. Robin misses you.
You miss the goblin. The goblin hits you with a +0 club.
* * * LOW HITPOINT WARNING * * *
Robin flexes a bicep menacingly.
Robin hits you from afar with a +0 spear.
You die...

#......[.............##
##...................#
#....................
###.########.........
####÷.....##.....##...
#.........##.....# ...
#...[.....##.....# ..
#####.g....).....#
+.@...)#.#####
######......#.#####
......g)..........#
......§...........#
..................######
..........#.#....#......
..........#.####.#......
..........#.# #.#......
..........#.. #.)..g...


You could see Robin and a goblin (strong).

Vanquished Creatures
  Jessica (D:2)
  An adder (D:2)
  A worm (D:2)
  3 dart slugs (D:2)
  6 bats
  4 endoplasms
  2 giant cockroaches (D:1)
  14 goblins
  8 hobgoblins
  2 quokkas (D:1)
  4 ball pythons
  A frilled lizard (D:1)
  2 kobolds
  6 rats
55 creatures vanquished.

Notes
Turn   | Place    | Note
-------+----------+-------------------------------------------
     0 | D:1      | promet the Deep Elf Hedge Wizard began the quest for the
                  | Orb.
     0 | D:1      | Reached XP level 1. HP: 10/10 MP: 7/7
   368 | D:1      | Reached XP level 2. HP: 15/15 MP: 3/9
   385 | D:1      | Learned a level 2 spell: Blink
   388 | D:1      | Learned a level 2 spell: Call Imp
   487 | D:1      | Reached skill level 5 in Spellcasting
  1109 | D:1      | Found a faded altar of an unknown god.
  1293 | D:1      | Reached XP level 3. HP: 15/20 MP: 8/11
  1926 | D:2      | Noticed Robin
  2304 | D:2      | Noticed Jessica
  2312 | D:2      | Killed Jessica
  2313 | D:2      | Reached skill level 1 in Polearms
  2313 | D:2      | Reached XP level 4. HP: 15/24 MP: 10/13
  2999 | D:2      | Slain by Robin

Illustrated notes

Levels and vault maps discovered:
D:1:      tarquinn_simple_flora_water_d, layout_loops_cross,
          ebering_ecumenical_altar_rust, kennysheep_decorative_pillar
D:2:      layout_basic, uniq_robin, uniq_jessica

Skill      XL: |  1  2  3 |
---------------+----------+-----
Spellcasting   | 5 |  5.6
Polearms       | 1 |  1.3
Fighting       | |  0.9
Short Blades   | |  0.7
Dodging        | |  2.8
Stealth        | |  2.6
Conjurations   | |  1.6
Summonings     | |  1.2
Translocations | |  1.1

Action                   |  1- 3 |  4- 6 || total
-------------------------+-------+-------++-------
Melee: Dagger            |     9 |       ||     9
       Spear             |    54 |    24 ||    78
 Cast: Magic Dart        |    76 |    19 ||    95
       Call Imp          |     2 |     2 ||     4
  Use: Scroll            |     4 |     2 ||     6
 Stab: Sleeping          |     4 |       ||     4
       Distracted        |       |     1 ||     1
Armor: Robe              |    18 |     3 ||    21
Dodge: Dodged            |    43 |    30 ||    73
